PIO (24 & UNDER)
SURREY SINNERS @ JASPER COUGARS
04/23/2027
 
TOP OF THE 1ST
Surrey Sinners batting - Pitching for Jasper Cougars : RHP Paul Turberville
Pitching: RHP Paul Turberville
Batting: LHB Juan Hinojosa 0-0: Ball
1-0: Ball
2-0: Ball
3-0: Base on Balls
Batting: LHB Iván Espinosa 0-0: Fly out, F7 (Line Drive, 7)
Batting: RHB Ramón Molina 0-0: Ball
1-0: Called Strike
1-1: Foul Ball, location: 2F
1-2: Ball
2-2: Ball
3-2: Fly out, F8 (Line Drive, 8RM)
Lined into DP, 8-3 (Line Drive, 8RM)
Top of the 1st over - 0 run(s), 0 hit(s), 0 error(s), 0 left on base; Surrey 0 - Jasper 0
BOTTOM OF THE 1ST
Jasper Cougars batting - Pitching for Surrey Sinners : RHP Tomás Silva
Pitching: RHP Tomás Silva
Batting: SHB Carlos Córdova 0-0: Ball
1-0: Called Strike
1-1: Ball
2-1: Swinging Strike
2-2: Ball
3-2: Base on Balls
Batting: RHB Bob Cole 0-0: Ball
1-0: Called Strike
Carlos Córdova is caught stealing 2nd base
1-1: DOUBLE (Groundball, 3L)
Batting: LHB António Camacho 0-0: Foul Ball, location: 2F
0-1: Ground out 1-3 (Groundball, 15)
Batting: LHB David Adams 0-0: Ball
1-0: Ball
2-0: Foul Ball, location: 2F
2-1: Ball
3-1: Base on Balls
Batting: LHB John Stone 0-0: Called Strike
0-1: Ground out 1-3 (Groundball, 15)
Bottom of the 1st over - 0 run(s), 1 hit(s), 0 error(s), 2 left on base; Surrey 0 - Jasper 0
TOP OF THE 2ND
Surrey Sinners batting - Pitching for Jasper Cougars : RHP Paul Turberville
Batting: LHB Randy Wiggins 0-0: SINGLE (Flyball, 7S)
Batting: RHB Clint Younger 0-0: Ball
1-0: Called Strike
1-1: Ball
2-1: Fly out, F7 (Flyball, 7S)
Batting: LHB José Blanco 0-0: Foul Ball, location: 2F
0-1: Swinging Strike
0-2: Ball
1-2: Ball
2-2: Ball
3-2: Strikes out looking
Randy Wiggins steals 2nd base
Batter strikes out.
Batting: LHB Robert Atkins 0-0: Swinging Strike
0-1: Foul Ball, location: 2F
0-2: Strikes out looking
Top of the 2nd over - 0 run(s), 1 hit(s), 0 error(s), 1 left on base; Surrey 0 - Jasper 0
BOTTOM OF THE 2ND
Jasper Cougars batting - Pitching for Surrey Sinners : RHP Tomás Silva
Batting: RHB Joe Baker 0-0: Swinging Strike
0-1: Fly out, F7 (Flyball, 7S)
Batting: LHB Jon Rogers 0-0: Swinging Strike
0-1: Swinging Strike
0-2: Ball
1-2: Ball
2-2: Foul Ball, location: 2F
2-2: Strikes out swinging
Batting: SHB Rafael Acosta 0-0: Called Strike
0-1: SINGLE (Groundball, 3D)
Batting: RHB Neil Weeks 0-0: Fly out, F9 (Flyball, 9)
Bottom of the 2nd over - 0 run(s), 1 hit(s), 0 error(s), 1 left on base; Surrey 0 - Jasper 0
TOP OF THE 3RD
Surrey Sinners batting - Pitching for Jasper Cougars : RHP Paul Turberville
Batting: RHB Mitchell Darragh 0-0: Called Strike
0-1: Called Strike
0-2: Ball
1-2: Foul Ball, location: 2F
1-2: Ground out 6-3 (Groundball, 6)
Batting: RHB Pancho Reyna 0-0: Called Strike
0-1: Foul Ball, location: 2F
0-2: Ball
1-2: Foul Ball, location: 2F
1-2: Ball
2-2: Ball
3-2: Strikes out swinging
Batting: LHB Juan Hinojosa 0-0: Swinging Strike
0-1: Foul Ball, location: 2F
0-2: Ball
1-2: Foul Ball, location: 2F
1-2: Ball
2-2: Ball
3-2: Ground out 5-3 (Groundball, 56)
Top of the 3rd over - 0 run(s), 0 hit(s), 0 error(s), 0 left on base; Surrey 0 - Jasper 0
BOTTOM OF THE 3RD
Jasper Cougars batting - Pitching for Surrey Sinners : RHP Tomás Silva
Batting: SHB Carlos Córdova 0-0: Ball
1-0: Ball
2-0: Foul Ball, location: 2F
2-1: Foul Ball, location: 2F
2-2: SINGLE (Line Drive, 34)
Batting: RHB Bob Cole 0-0: Foul Ball, location: 2F
0-1: Foul Ball, location: 2F
0-2: Ball
1-2: Foul Ball, location: 2F
1-2: DOUBLE (Flyball, 8LXD)
Carlos Córdova to third
Batting: LHB António Camacho 0-0: Ball
1-0: Ball
2-0: Ball
3-0: Base on Balls
Batting: LHB David Adams 0-0: Ball
1-0: Called Strike
1-1: SINGLE (Groundball, 4D)
Carlos Córdova scores
Bob Cole to third
António Camacho to second
Runner from 3rd tries for Home, SAFE, no throw
Batting: LHB John Stone 0-0: Foul Ball, location: 2F
0-1: Swinging Strike
0-2: Ball
Wild Pitch!
António Camacho to third
David Adams to second
1-2: SINGLE (Groundball, 25) (infield hit)
António Camacho scores
David Adams to third
Batting: RHB Joe Baker 0-0: Called Strike
0-1: Grounds into double play, 6-4-3 (Groundball, 6)
David Adams scores
Batting: LHB Jon Rogers 0-0: Called Strike
0-1: Ball
1-1: Foul Ball, location: 2F
1-2: Strikes out swinging
Bottom of the 3rd over - 4 run(s), 4 hit(s), 0 error(s), 0 left on base; Surrey 0 - Jasper 4
TOP OF THE 4TH
Surrey Sinners batting - Pitching for Jasper Cougars : RHP Paul Turberville
Batting: LHB Iván Espinosa 0-0: Ground out 1-3 (Groundball, 15S)
Batting: RHB Ramón Molina 0-0: Ball
1-0: Ground out 5-3 (Groundball, 5)
Batting: LHB Randy Wiggins 0-0: Ball
1-0: Foul Ball, location: 2F
1-1: Ground out U3 (Groundball, 34)
Top of the 4th over - 0 run(s), 0 hit(s), 0 error(s), 0 left on base; Surrey 0 - Jasper 4
BOTTOM OF THE 4TH
Jasper Cougars batting - Pitching for Surrey Sinners : RHP Tomás Silva
Batting: SHB Rafael Acosta 0-0: Called Strike
0-1: Ball
1-1: Swinging Strike
1-2: Foul Ball, location: 2F
1-2: Strikes out swinging
Batting: RHB Neil Weeks 0-0: Called Strike
0-1: Ground out 6-3 (Groundball, 6)
Batting: SHB Carlos Córdova 0-0: Foul Ball, location: 2F
0-1: Ball
1-1: Ball
2-1: Foul Ball, location: 2F
2-2: Ground out 6-3 (Groundball, 56)
Bottom of the 4th over - 0 run(s), 0 hit(s), 0 error(s), 0 left on base; Surrey 0 - Jasper 4
TOP OF THE 5TH
Surrey Sinners batting - Pitching for Jasper Cougars : RHP Paul Turberville
Batting: RHB Clint Younger 0-0: Ball
1-0: Called Strike
1-1: Ball
2-1: Foul Ball, location: 2F
2-2: Strikes out swinging
Batting: LHB José Blanco 0-0: Ground out 3-1 (Groundball, 34)
Batting: LHB Robert Atkins 0-0: Ball
1-0: Ball
2-0: Ground out U3 (Groundball, 34)
Top of the 5th over - 0 run(s), 0 hit(s), 0 error(s), 0 left on base; Surrey 0 - Jasper 4
BOTTOM OF THE 5TH
Jasper Cougars batting - Pitching for Surrey Sinners : RHP Tomás Silva
Batting: RHB Bob Cole 0-0: Called Strike
0-1: Foul Ball, location: 2F
0-2: Ball
1-2: Strikes out swinging
Batting: LHB António Camacho 0-0: Called Strike
0-1: Ball
1-1: Called Strike
1-2: Ground out 4-3 (Groundball, 4)
Batting: LHB David Adams 0-0: Ball
1-0: Ball
2-0: Called Strike
2-1: Foul Ball, location: 2F
2-2: SINGLE (Groundball, 4MD)
Batting: LHB John Stone 0-0: Called Strike
0-1: Called Strike
0-2: Foul Ball, location: 2F
0-2: Foul Ball, location: 2F
0-2: Ball
1-2: Hit by Pitch
David Adams to second
Pitching: LHP Jason Reece
Batting: RHB Joe Baker 0-0: Called Strike
0-1: Ball
1-1: Called Strike
1-2: Ball
2-2: Foul Ball, location: 2F
2-2: Fielders Choice at 2nd, 5-4 (Groundball, 56)
Bottom of the 5th over - 0 run(s), 1 hit(s), 0 error(s), 1 left on base; Surrey 0 - Jasper 4
TOP OF THE 6TH
Surrey Sinners batting - Pitching for Jasper Cougars : RHP Paul Turberville
Batting: RHB Mitchell Darragh 0-0: Called Strike
0-1: Swinging Strike
0-2: Strikes out swinging
Batting: RHB Pancho Reyna 0-0: Called Strike
0-1: Called Strike
0-2: Ball
1-2: Strikes out looking
Batting: LHB Juan Hinojosa 0-0: Ball
1-0: Ball
2-0: Ball
3-0: Base on Balls
Batting: LHB Iván Espinosa 0-0: Ball
Juan Hinojosa steals 2nd base
1-0: Fly out, F8 (Flyball, 78M)
Top of the 6th over - 0 run(s), 0 hit(s), 0 error(s), 1 left on base; Surrey 0 - Jasper 4
BOTTOM OF THE 6TH
Jasper Cougars batting - Pitching for Surrey Sinners : LHP Jason Reece
Batting: LHB Jon Rogers 0-0: Ball
1-0: Swinging Strike
1-1: Foul Ball, location: 2F
1-2: Strikes out swinging
Batting: SHB Rafael Acosta 0-0: Ball
1-0: Ball
2-0: Foul Ball, location: 2F
2-1: Swinging Strike
2-2: Foul Ball, location: 2F
2-2: Ball
3-2: Strikes out swinging
Batting: RHB Neil Weeks 0-0: Ball
1-0: Fly out, F9 (Flyball, 89M)
Bottom of the 6th over - 0 run(s), 0 hit(s), 0 error(s), 0 left on base; Surrey 0 - Jasper 4
TOP OF THE 7TH
Surrey Sinners batting - Pitching for Jasper Cougars : RHP Paul Turberville
Batting: RHB Ramón Molina 0-0: Called Strike
0-1: Ball
1-1: Swinging Strike
1-2: Ball
2-2: Ball
3-2: Ground out 5-3 (Groundball, 5)
Batting: LHB Randy Wiggins 0-0: DOUBLE (Line Drive, 89M)
Batting: RHB Clint Younger 0-0: Fly out, F8 (Line Drive, 8LM)
Batting: LHB José Blanco 0-0: Called Strike
0-1: Foul Ball, location: 2F
0-2: Strikes out swinging
Top of the 7th over - 0 run(s), 1 hit(s), 0 error(s), 1 left on base; Surrey 0 - Jasper 4
BOTTOM OF THE 7TH
Jasper Cougars batting - Pitching for Surrey Sinners : LHP Jason Reece
Batting: SHB Carlos Córdova 0-0: Called Strike
0-1: Foul Ball, location: 2F
0-2: Foul Ball, location: 2F
0-2: Ball
1-2: Ball
2-2: Strikes out swinging
Batting: RHB Bob Cole 0-0: Ball
1-0: Swinging Strike
1-1: Ball
2-1: Called Strike
2-2: Strikes out looking
Batting: LHB António Camacho 0-0: Ball
1-0: Called Strike
1-1: Ball
2-1: Swinging Strike
2-2: Strikes out swinging
Bottom of the 7th over - 0 run(s), 0 hit(s), 0 error(s), 0 left on base; Surrey 0 - Jasper 4
TOP OF THE 8TH
Surrey Sinners batting - Pitching for Jasper Cougars : RHP Paul Turberville
Batting: LHB Robert Atkins 0-0: Ball
1-0: Called Strike
1-1: Called Strike
1-2: Foul Ball, location: 2F
1-2: Ground out 1-3 (Groundball, 13S)
Pitching: LHP Javier Galeas
Batting: RHB Mitchell Darragh 0-0: Ball
1-0: Swinging Strike
1-1: Called Strike
1-2: Ball
2-2: Foul Ball, location: 2F
2-2: Strikes out swinging
Batting: RHB Pancho Reyna 0-0: Called Strike
0-1: Foul Ball, location: 2F
0-2: SINGLE (Groundball, 56D)
Batting: LHB Juan Hinojosa 0-0: Swinging Strike
0-1: Ball
1-1: Foul Ball, location: 2F
1-2: Foul Ball, location: 2F
1-2: SINGLE (Line Drive, 8RS)
Pancho Reyna to second
Batting: LHB Iván Espinosa 0-0: Ball
1-0: Foul Ball, location: 2F
1-1: Swinging Strike
1-2: Ball
2-2: Ball
3-2: Ground out 4-3 (Groundball, 34D)
Top of the 8th over - 0 run(s), 2 hit(s), 0 error(s), 2 left on base; Surrey 0 - Jasper 4
BOTTOM OF THE 8TH
Jasper Cougars batting - Pitching for Surrey Sinners : LHP Jason Reece
Batting: LHB David Adams 0-0: Foul Ball, location: 2F
0-1: Ball
1-1: Called Strike
1-2: Ground out 5-3 (Groundball, 5)
Batting: LHB John Stone 0-0: Ball
1-0: Called Strike
1-1: Ball
2-1: Ball
3-1: Ground out U3 (Groundball, 34)
Batting: RHB Joe Baker 0-0: Called Strike
0-1: Swinging Strike
0-2: Ball
1-2: Foul Ball, location: 2F
1-2: Ground out 2-3 (Groundball, 2L)
Bottom of the 8th over - 0 run(s), 0 hit(s), 0 error(s), 0 left on base; Surrey 0 - Jasper 4
TOP OF THE 9TH
Surrey Sinners batting - Pitching for Jasper Cougars : LHP Javier Galeas
Batting: RHB Ramón Molina 0-0: Ball
1-0: Called Strike
1-1: Foul Ball, location: 2F
1-2: Ball
2-2: Ball
3-2: SINGLE (Groundball, 34D)
Batting: LHB Randy Wiggins 0-0: Called Strike
0-1: Fly out, F7 (Flyball, 7LS)
Batting: RHB Clint Younger 0-0: Fly out, F9 (Flyball, 89S)
Batting: LHB José Blanco 0-0: Ball
1-0: Called Strike
1-1: Ball
2-1: Fly out, F8 (Flyball, 8LXD)
Top of the 9th over - 0 run(s), 1 hit(s), 0 error(s), 1 left on base; Surrey 0 - Jasper 4
Thursday, March 30th, 2017 - OOTP Baseball 17.12 Build 75